 Dungeon Crawl Stone Soup version 0.30-a0-777-ga9a30cbeda (webtiles) character file.

Game seed: 1563785918272030400

35 Esekla the Sneak (level 3, 17/26 HPs)
             Began as an Octopode Delver on Feb 15, 2023.
             Quit the game in the Ecumenical Temple.
             The game lasted 00:05:49 (270 turns).

Esekla the Sneak (Octopode Delver)                   Turns: 270, Time: 00:05:49

Health: 17/26      AC:  1    Str: 11    XL:     3   Next: 33%
Magic:  8/12       EV: 13    Int: 14    God:
Gold:   22         SH:  0    Dex: 13    Spells: 2/2 levels left

rFire   . . .      SeeInvis .    a - +0 falchion
rCold   . . .      Faith    .    (no shield)
rNeg    . . .      Spirit   +    (helmet restricted)
rPois   .          Reflect  .    d - amulet of guardian spirit
rElec   .          Harm     .    g - ring of magical power
rCorr   .          Rampage  .    (no ring)
Will    .....                    (no ring)
Stlth   ++++                     (no ring)
HPRegen 0.24/turn                (no ring)
MPRegen 0.13/turn                (no ring)
                                 (no ring)
                                 (no ring)

@: no status effects
A: almost no armour, amphibious, 8 rings, camouflage 1, gelatinous body 1,
(nimble swimmer 1), tentacles
a: no special abilities


You were in the Ecumenical Temple.
You visited 2 branches of the dungeon, and saw 2 of its levels.

You collected 22 gold pieces.

Inventory:

Hand Weapons
 a - a +0 falchion (weapon)
Jewellery
 d - an amulet of guardian spirit (around mantle)
 g - a ring of magical power (left tentacle)
Wands
 f - a wand of digging (2)
Scrolls
 b - a scroll of fog
 h - 3 scrolls of enchant armour {unknown}
Potions
 e - 2 potions of haste


   Skills:
 * Level 3.2 Fighting
 * Level 2.2 Long Blades
 * Level 2.1 Dodging
 + Level 7.4 Stealth
 * Level 0.3 Spellcasting


You had 2 spell levels left.
You didn't know any spells.
Your spell library was empty.

Dungeon Overview and Level Annotations

Branches:
Dungeon (5/15)             Temple (1/1) D:5

Altars:
Elyvilon
Kikubaaqudgha
Makhleb
Okawaru
Uskayaw
Vehumet
Xom
Yredelemnul


Innate Abilities, Weirdness & Mutations

You cannot wear most types of armour.
You are amphibious.
You can wear up to eight rings at the same time.
Your skin changes colour to match your surroundings (Stealth+).
Your rubbery body absorbs attacks. (AC +1, EV +1)
((You are camouflaged when in or above water. (Stealth+)))
You have tentacles for arms and can constrict up to eight enemies at once.


Message History

The orc misses you. The iguana bites you!
Aiming: Dig
Press: ? - help, Shift-Dir - straight line The rock shatters into small pieces.
The iguana bites you!
* * * LOW HITPOINT WARNING * * *
The orc throws a boomerang.
The boomerang misses you.
You hear the rusting of a very distant drain.
There is a stone staircase leading down here.
The iguana hisses menacingly.
There is a staircase to the Ecumenical Temple here.
You climb downwards.
Welcome to the Ecumenical Temple!
Found a burning altar of Makhleb.
There is a staircase back to the Dungeon here.
Found a shimmering altar of Xom and an ancient bone altar of Kikubaaqudgha.
Found an iron altar of Okawaru.
Found a white marble altar of Elyvilon.
Found a radiant altar of Vehumet.
Your extra speed is starting to run out.
Found a basalt altar of Yredelemnul.
You feel yourself slow down.
Found a hide-covered altar of Uskayaw.
(D) Dungeon (T) Temple
Where to? (? - help)
There is a fountain of sparkling water here.
There is an ancient bone altar of Kikubaaqudgha here.
There is a fountain of sparkling water here.
There is a staircase back to the Dungeon here.
You climb upwards.
You hear the sound of rushing water.
There is an entrance to a sewer on this level.
Hurry and find it before the portal rusts away!
The orc shouts!
There is a staircase to the Ecumenical Temple here.
As you read the scroll of magic mapping, it crumbles to dust.
You feel aware of your surroundings.
You sensed 1 shop/portal.
You can't go up here!
You hear the brisk rusting of a very distant drain.
You climb downwards.
Welcome back to the Ecumenical Temple!
There is a staircase back to the Dungeon here.
Are you sure you want to abandon this character and quit the game? (Confirm with "yes".)

#.._.......⌠......._
#...................
#......_.......⌠....
#.................##
#..⌠......._.....##
#.............####
#......⌠.....##
#.........####
#..@.....##
#.....#### ##...##
#####


There were no monsters in sight!

Vanquished Creatures
  An orc wizard (D:5)
  An ufetubus (D:5)
  2 orcs (D:5)
4 creatures vanquished.

Notes
Turn   | Place    | Note
-------+----------+-------------------------------------------
     0 | D:5      | Esekla the Octopode Delver began the quest for the Orb.
     0 | D:5      | Reached XP level 1. HP: 16/16 MP: 1/1
     1 | D:5      | Found a staircase to the Ecumenical Temple.
    52 | D:5      | Noticed a centaur
    64 | D:5      | Noticed an iguana
    87 | D:5      | Noticed a scorpion
    97 | D:5      | Noticed a scorpion
   125 | D:5      | Noticed an orc wizard
   135 | D:5      | Reached skill level 7 in Stealth
   135 | D:5      | Reached XP level 2. HP: 21/21 MP: 2/2
   139 | D:5      | Reached XP level 3. HP: 26/26 MP: 3/3
   163 | D:5      | Noticed a phantom
   167 | D:5      | Noticed a phantom
   222 | Temple   | Entered the Ecumenical Temple
   270 | Temple   | Quit the game

Illustrated notes

Levels and vault maps discovered:
D:5:      layout_gridville, minmay_temple_entry_large_hall,
          gup_sewer_entry_bubbles, nrook_mini_vaults
Temple:   nicolae_temple_ecumenical_triangle

Skill      XL: |  1 |
---------------+----+-----
Stealth        | 7 |  7.4
Fighting       | |  3.2
Long Blades    | |  2.2
Dodging        | |  2.1
Spellcasting   | |  0.3

Action                     || total
---------------------------++-------
  Melee: Falchion          ||    11
         Constrict         ||     4
         Tentacles         ||     3
  Evoke: Wand              ||     1
    Use: Scroll            ||     2
         Potion            ||     1
  Dodge: Dodged            ||    23

Table legend: (Time is in decaauts)
 A = Elapsed time spent in this place.
 B = Non-inter-level travel time spent in this place.
 C = Inter-level travel time spent in this place.
 D = Time resting spent in this place.
 E = Time spent auto-exploring this place.
 F = Levels seen in this place.
 G = Mean time per level.
                   A        B        C        D        E       F      G
               +--------+--------+--------+--------+--------+-----+--------+
         Total |    253 |    237 |     16 |      0 |      0 |   2 |  126.5 |
       Dungeon |    213 |    213 |      0 |      0 |      0 |   1 |  213.0 |
        Temple |     39 |     23 |     16 |      0 |      0 |   1 |   39.0 |
               +--------+--------+--------+--------+--------+-----+--------+

Top non-repeatable levels by time:
     D:5: 213 daAuts
  Temple: 39 daAuts
